 Dungeon Crawl Stone Soup version 0.20.0-6-gd3061e9 (webtiles) character file.

128 MTVSty1e the Skirmisher (level 4, -2/44 HPs)
             Began as a Deep Dwarf Fighter on May 28, 2017.
             Slain by MTVSty1e's ghost (7 damage)
             ... on level 3 of the Dungeon.
             The game lasted 00:05:00 (1642 turns).

MTVSty1e the Skirmisher (Deep Dwarf Fighter)        Turns: 1642, Time: 00:05:01

Health: -2/44      AC:  8    Str: 25    XL:     4   Next: 87%
Magic:  4/4        EV:  7    Int:  9    God:
Gold:   81         SH: 10    Dex: 12    Spells: 3/3 levels left

rFire    . . .     SeeInvis .   a - +0 war axe
rCold    . . .     Gourm    .   c - +0 shield
rNeg     . . .     Faith    .   b - +0 scale mail
rPois    .         Spirit   .   (no helmet)
rElec    .         Reflect  .   (no cloak)
rCorr    .         Harm     .   e - +0 pair of gloves
MR       .....                  (no boots)
Stlth    ..........             (no amulet)
Regen    0.0/turn               (no ring)
MPRegen  0.1/turn               (no ring)

@: mighty, non-regenerating
A: damage resistance, heal wounds, sense surroundings 1, no regeneration
a: Heal Wounds


You were on level 3 of the Dungeon.
You were not hungry.

You visited 1 branch of the dungeon, and saw 3 of its levels.

You collected 81 gold pieces.

Inventory:

Hand Weapons
 a - a +0 war axe (weapon)
Armour
 b - a +0 scale mail (worn)
 c - a +0 shield (worn)
 e - a +0 pair of gloves (worn)
Wands
 m - a wand of polymorph (12/24)
Scrolls
 i - a scroll of remove curse
 j - a scroll of fog
 k - 2 scrolls of recharging
Potions
 d - a potion of might
 g - a potion of resistance
 h - a potion of agility
Comestibles
 f - 3 bread rations
 l - a meat ration


   Skills:
 + Level 4.1 Fighting
 + Level 4.1 Axes
 - Level 3.2 Armour
 - Level 3.2 Shields


You had 3 spell levels left.
You didn't know any spells.

Dungeon Overview and Level Annotations

Branches:
Dungeon (3/15)

Altars:

Annotations:
D:3 MTVSty1e's ghost, amateur DsGl


Innate Abilities, Weirdness & Mutations

You are resistant to damage.
You can heal yourself by infusing magical energy.
You passively map a small area around you.
You do not regenerate.


Message History

You feel very mighty all of a sudden. The crimson imp hits you.
You slice the crimson imp!!
You kill the crimson imp!
Your Fighting skill increases to level 4!
Your Axes skill increases to level 4!
You see here a pair of gloves.
e - a pair of gloves You start putting on your armour.
You continue putting on your pair of gloves. x4
You finish putting on your +0 pair of gloves.
MTVSty1e's ghost turns its malevolent gaze towards you.
Your shield and scale mail prevent you from hitting MTVSty1e's ghost.
MTVSty1e's ghost hits you!
* * * LOW HITPOINT WARNING * * *
A kobold comes into view.
You closely miss MTVSty1e's ghost. MTVSty1e's ghost hits you.
The kobold throws a stone.
The stone barely misses you.
You closely miss MTVSty1e's ghost. MTVSty1e's ghost hits you!
You die...

* ###### , *
#....#######
+...........,
#....## , *
#####<#
..#####.##########
*
...K.......W......
, *
#.###.....@####* ,
*#......# ,,
#......#* ** * * ,
###.#### , * * , ,
* #.# , * **#.# *
,, , ..# * * , * *
* ,,,..# ,* , ...#
*, *, *


You could see MTVSty1e's ghost and a kobold.

Vanquished Creatures
  A crimson imp (D:3)
  Jessica (D:2)
  A shadow imp (D:3)
  2 oozes (D:1)
  4 dart slugs (D:1)
  2 leopard geckos
  8 goblins
  2 hobgoblins
  5 bats
  3 frilled lizards
  9 kobolds
  9 rats
47 creatures vanquished.

Notes
Turn   | Place    | Note
-------+----------+-------------------------------------------
     0 | D:1      | MTVSty1e the Deep Dwarf Fighter began the quest for the Orb.
     0 | D:1      | Reached XP level 1. HP: 20/20 MP: 1/1
   214 | D:1      | Reached XP level 2. HP: 27/27 MP: 2/2
   468 | D:1      | Reached XP level 3. HP: 24/34 MP: 3/3
   835 | D:2      | Noticed Jessica
   860 | D:2      | Killed Jessica
   860 | D:2      | Reached XP level 4. HP: 11/43 MP: 4/4
  1639 | D:3      | Noticed MTVSty1e's ghost (amateur DsGl)
  1642 | D:3      | Slain by MTVSty1e's ghost

Skill      XL: |  1  2  3  4 |
---------------+-------------+-----
Fighting       | 3 4 |  4.1
Axes           | 3 4 |  4.1
Armour         | |  3.2
Shields        | |  3.2

Action                   |  1- 3 |  4- 6 || total
-------------------------+-------+-------++-------
Melee: War axe           |    72 |    55 ||   127
  Use: Scroll            |     3 |     4 ||     7
       Potion            |       |     2 ||     2
  Eat: Bread ration      |       |     1 ||     1
       Royal jelly       |       |     1 ||     1
Armor: Scale mail        |    28 |    20 ||    48
Dodge: Dodged            |    12 |    20 ||    32
Block: Shield            |    35 |    25 ||    60
